 Dungeon Crawl Stone Soup version 0.23.2-33-g5129a83184 (webtiles) character file.

Game seed: 2318877400195506299

107 Derp the Conjurer (level 4, -4/24 HPs)
             Began as a Deep Elf Conjurer on July 21, 2019.
             Slain by a gnoll
             ... wielding a +2 flail of venom
              (8 damage)
             ... on level 3 of the Dungeon.
             The game lasted 00:09:58 (2551 turns).

Derp the Conjurer (Deep Elf Conjurer)               Turns: 2551, Time: 00:09:59

Health: -4/24      AC:  5    Str:  5    XL:     4   Next: 56%
Magic:  7/12       EV: 13    Int: 21    God:
Gold:   175        SH:  0    Dex: 15    Spells: 8/11 levels left

rFire    . . .     SeeInvis +   (no weapon)
rCold    . . .     Gourm    .   (no shield)
rNeg     . . .     Faith    .   a - +0 robe
rPois    .         Spirit   .   (no helmet)
rElec    .         Reflect  .   (no cloak)
rCorr    .         Harm     .   m - +2 pair of gloves
MR       .....                  (no boots)
Stlth    ++........             (no amulet)
HPRegen  0.08/turn              f - ring of see invisible
MPRegen  0.13/turn              k - ring of wizardry

@: lethally poisoned (-4 -> -16)
A: no striking features
a: no special abilities


You were on level 3 of the Dungeon.
You were not hungry.

You visited 1 branch of the dungeon, and saw 3 of its levels.

You collected 175 gold pieces.

Inventory:

Hand Weapons
 j - a +1 dagger of venom
Armour
 a - a +0 robe (worn)
 m - a +2 pair of gloves (worn)
Jewellery
 f - a ring of see invisible (left hand)
 k - a ring of wizardry (right hand)
Scrolls
 b - 3 scrolls of identify
 e - a scroll of remove curse {unknown}
 h - a scroll of teleportation {unknown}
 i - a scroll of fog {unknown}
 l - a scroll of amnesia {unknown}
Potions
 d - 4 potions of curing {unknown}
 g - a potion of berserk rage {unknown}
Comestibles
 c - 5 rations
 n - a chunk of flesh


   Skills:
 + Level 0.1 Fighting
 + Level 2.7 Dodging
 + Level 3.0 Stealth
 + Level 4.4 Spellcasting
 + Level 5.6 Conjurations


You had 8 spell levels left.
You knew the following spells:

 Your Spells              Type           Power        Failure   Level  Hunger
a - Magic Dart            Conj           ####         1%          1    None
b - Searing Ray           Conj           ####..       1%          2    #......

Your spell library contained the following spells:

 Spells                   Type           Power        Failure   Level  Hunger
 Dazzling Spray           Conj/Hex       ###...       4%          3    ##.....
 Iskenderun's Mystic Bla  Conj           ####....     4%          4    ####...
 Force Lance              Conj/Tloc      ###.....     14%         4    ####...
 Fulminant Prism          Conj/Hex       ###.......   14%         4    ####...


Dungeon Overview and Level Annotations

Branches:
Dungeon (3/15)

Altars:
Dithmenos


Message History

You kill the hobgoblin!
A gnoll comes into view. It is wielding a +2 flail of venom.
The gnoll shouts!
The gnoll hits you with a +2 flail of venom.
You are poisoned.
You feel sick.
The gnoll hits you with a +2 flail of venom.
You are lethally poisoned!
You feel sick. The gnoll closely misses you.
You feel sick. The gnoll barely misses you.
* * * LOW HITPOINT WARNING * * *
You feel sick. The gnoll barely misses you.
* * * LOW HITPOINT WARNING * * *
You feel sick.
* * * LOW HITPOINT WARNING * * *
You feel sick. The gnoll misses you.
* * * LOW HITPOINT WARNING * * *
You feel sick.
The gnoll hits you with a +2 flail of venom!
You die...

#.# #..#..##### #.#
#..##§## #.#
#..#§§§## #.#
#§#§#§#§### #.#
#§§§§_§§.. #.#
#.#§#§#§# #.# #.
#§§§##
#.#####.###..##.#.#
#...@g.......##.#.#
#.)###.####..##...###
#. #.# #......<... #
#.# ##.####.### #.# #
#.# #.# #.# ..< #.#
#.# #.# #.# #.#


You could see a gnoll.

Vanquished Creatures
  2 gnolls (D:3)
  2 adders
  An ooze (D:3)
  A worm (D:2)
  2 dart slugs (D:1)
  3 leopard geckos (D:2)
  2 bats
  A giant cockroach (D:2)
  4 goblins
  11 hobgoblins
  8 jackals
  A quokka (D:2)
  5 frilled lizards
  5 kobolds
  4 rats
52 creatures vanquished.

Notes
Turn   | Place    | Note
-------+----------+-------------------------------------------
     0 | D:1      | Derp the Deep Elf Conjurer began the quest for the Orb.
     0 | D:1      | Reached XP level 1. HP: 10/10 MP: 6/6
   230 | D:1      | Reached XP level 2. HP: 15/15 MP: 2/8
   524 | D:1      | Reached skill level 5 in Conjurations
   853 | D:2      | Noticed a crimson imp
  1039 | D:1      | Learned a level 2 spell: Searing Ray
  1289 | D:1      | Reached XP level 3. HP: 13/19 MP: 4/9
  2285 | D:3      | Found a shadowy altar of Dithmenos.
  2303 | D:3      | Reached XP level 4. HP: 24/24 MP: 7/12
  2551 | D:3      | Slain by a gnoll

Skill      XL: |  1  2  3  4 |
---------------+-------------+-----
Conjurations   | 5 |  5.6
Spellcasting   | 4 |  4.4
Stealth        | 3 |  3.0
Fighting       | |  0.1
Dodging        | |  2.7

Action                   |  1- 3 |  4- 6 || total
-------------------------+-------+-------++-------
Melee: Unarmed           |     1 |       ||     1
 Cast: Magic Dart        |   102 |    21 ||   123
       Searing Ray       |    10 |     4 ||    14
  Use: Scroll            |     1 |       ||     1
  Eat: Chunk             |     4 |     1 ||     5
Armor: Robe              |    14 |     1 ||    15
Dodge: Dodged            |    31 |     7 ||    38
